 Dungeon Crawl Stone Soup version 0.25-a0-1024-gbfbf38f2cb (webtiles) character file.

Game seed: 4352206461231538626, levelgen mode: deterministic

3101 kae the Frost Mage (level 9, -9/57 HPs)
             Began as a Merfolk Ice Elementalist on May 12, 2020.
             Was a Follower of Okawaru.
             Mangled by Joseph
             ... wielding a +3 quarterstaff of protection
              (10 damage)
             ... on level 7 of the Dungeon.
             The game lasted 00:08:44 (9931 turns).

kae the Frost Mage (Merfolk Ice Elementalist)       Turns: 9931, Time: 00:08:44

Health: -9/57      AC:  5    Str: 13    XL:     9   Next: 90%
Magic:  10/20      EV: 13    Int: 14    God:    Okawaru [*.....]
Gold:   336        SH:  0    Dex: 18    Spells: 15/22 levels left

rFire    . . .     SeeInvis .   m - +1 spear
rCold    . . .     Gourm    .   (no shield)
rNeg     . . .     Faith    .   a - +0 robe
rPois    .         Spirit   .   h - +1 hat
rElec    .         Reflect  .   p - +1 cloak
rCorr    .         Harm     .   (no gloves)
MR       .....                  (no boots)
Stlth    ++........             (no amulet)
HPRegen  0.19/turn              b - +2 ring of strength
MPRegen  0.17/turn              s - +3 ring of dexterity

@: frozen ramparts
A: change form in water, swift swim, stealthy swim
a: Heroism, Renounce Religion


You were on level 7 of the Dungeon.
You worshipped Okawaru.
Okawaru was aware of your devotion.
You were not hungry.

You visited 2 branches of the dungeon, and saw 8 of its levels.

You collected 336 gold pieces.

Inventory:

Hand Weapons
 j - a +0 dagger
 m - a +1 spear (weapon)
 y - a +0 scythe
 A - a +0 trident
Armour
 a - a +0 robe (worn)
 h - a +1 hat (worn)
 p - a +1 cloak (worn)
Jewellery
 b - a +2 ring of strength (left hand)
 q - an uncursed ring of magical power
 s - a +3 ring of dexterity (right hand)
 F - an uncursed ring of fire {unknown}
Wands
 w - a wand of enslavement (9)
 C - a wand of acid (4)
Scrolls
 d - a scroll of remove curse
 n - 2 scrolls of magic mapping
 o - a scroll of fog
 t - a scroll of amnesia
 u - a scroll of blinking
 D - 3 scrolls of teleportation
 G - a scroll of torment {unknown}
Potions
 e - 6 potions of curing
 f - 2 potions of haste
 g - 3 potions of mutation {unknown}
 i - 2 potions of flight {unknown}
 k - 2 potions of ambrosia {unknown}
 l - a potion of stabbing {unknown}
 r - 3 potions of degeneration {unknown}
 v - a potion of invisibility {unknown}
 x - a potion of magic {unknown}
 z - a potion of experience {unknown}
 B - a potion of brilliance {unknown}
 E - a potion of lignification {unknown}
Comestibles
 c - 15 rations
 H - a chunk of flesh


   Skills:
 - Level 2.6 Dodging
 - Level 2.1 Stealth
 + Level 7.4 Spellcasting
 * Level 12.5 Ice Magic


You had 15 spell levels left.
You knew the following spells:

 Your Spells              Type           Power        Failure   Level  Hunger
a - Freeze                Ice            ####         1%          1    None
b - Frozen Ramparts       Ice            #####.       1%          3    ##.....
c - Ozocubu's Armour      Chrm/Ice       ###.....     3%          3    ##.....

Your spell library contained the following spells:

 Spells                   Type           Power        Failure   Level  Hunger
 Hailstorm                Conj/Ice       ###.....     11%         4    ####...
 Summon Ice Beast         Ice/Summ       ###.....     11%         4    ####...


Dungeon Overview and Level Annotations

Branches:
Dungeon (7/15)             Temple (1/1) D:5

Altars:
Ashenzari
Cheibriados
Dithmenos
Elyvilon
Fedhas
Gozag
Hepliaklqana
Kikubaaqudgha
Makhleb
Nemelex Xobeh
Okawaru
Qazlal
Ru
Sif Muna
Trog
Uskayaw
Vehumet
Wu Jian
Xom
Yredelemnul
Zin
The Shining One

Annotations:
D:1 1 runed translucent door
D:5 exclusion: phantom
D:7 Joseph


Message History

Casting: Freeze (safe; 1% risk of failure)
Confirm with . or Enter, or press ? or * to list all spells.
Aiming: Freeze (safe; 1% risk of failure)
Press: ? - help, Shift-Dir - straight line, f/p - Joseph
Aim: Joseph, wielding a +3 quarterstaff of protection, wearing a +0 ring mail of cold resistance and quivering 20 sling bullets (heavily wounded) Joseph resists.
You freeze Joseph.
Joseph is heavily wounded.
Joseph resists.
The wall freezes Joseph.
Joseph hits you with a +3 quarterstaff of protection!
* * * LOW HITPOINT WARNING * * *
Casting: Freeze (safe; 1% risk of failure)
Confirm with . or Enter, or press ? or * to list all spells.
Aiming: Freeze (safe; 1% risk of failure)
Press: ? - help, Shift-Dir - straight line, f/p - Joseph
Aim: Joseph, wielding a +3 quarterstaff of protection, wearing a +0 ring mail of cold resistance and quivering 20 sling bullets (heavily wounded) Joseph resists.
You freeze Joseph.
Joseph is heavily wounded.
Joseph resists.
The wall freezes Joseph.
Joseph hits you with a +3 quarterstaff of protection!
You die...

#.....###.........
#............_
#............
#...)....###
#........#
######...###
#.....###+#
#.....#@..##
#.....@....#
........#....#
.........#....#
.....######...##
..... ...# .....
.... ....# ....#


You could see Joseph.

Vanquished Creatures
  Pikel (D:4)
  A hippogriff (D:7)
  Sigmund (D:5)
  A spriggan (D:7)
  An orc warrior (D:6)
  3 sky beasts
  2 slaves (D:4)
  2 ogres
  A necrophage (D:6)
  3 centaurs (D:6)
  Blork the orc (D:4)
  A wyvern skeleton (D:6)
  3 scorpions
  3 crimson imps
  4 howler monkeys
  A hound (D:4)
  A centaur zombie (D:6)
  A gnoll shaman (D:5)
  An orc priest (D:6)
  An iguana (D:5)
  9 orc wizards
  A worker ant (D:5)
  A hound zombie (D:7)
  A hound skeleton (D:6)
  8 gnolls
  6 adders
  A shadow imp (D:5)
  A white imp (D:6)
  2 oozes
  6 worms
  6 dart slugs
  6 leopard geckos
  28 orcs
  9 giant cockroaches
  9 goblins
  13 hobgoblins
  15 jackals
  7 kobolds
  2 quokkas
  7 bats
  6 frilled lizards
  A leopard gecko zombie (D:6)
  A quokka skeleton (D:4)
  10 rats
189 creatures vanquished.

Vanquished Creatures (others)
  3 orcs (D:4)
  A quokka (D:4)
  A frilled lizard (D:4)
5 creatures vanquished.

Grand Total: 194 creatures vanquished

Notes
Turn   | Place    | Note
-------+----------+-------------------------------------------
     0 | D:1      | kae the Merfolk Ice Elementalist began the quest for the
                  | Orb.
     0 | D:1      | Reached XP level 1. HP: 13/13 MP: 3/3
     2 | D:1      | Found a runed translucent door.
   262 | D:1      | Reached XP level 2. HP: 19/19 MP: 1/5
   701 | D:1      | Reached skill level 5 in Ice Magic
  1054 | D:1      | Reached XP level 3. HP: 24/24 MP: 4/6
  1172 | D:1      | Learned a level 3 spell: Frozen Ramparts
  2012 | D:2      | Reached XP level 4. HP: 17/30 MP: 3/8
  2632 | D:2      | Found a burning altar of Makhleb.
  2647 | D:2      | Reached skill level 6 in Ice Magic
  2862 | D:2      | Reached XP level 5. HP: 35/35 MP: 5/9
  3413 | D:3      | You fall into a shaft and drop 1 floor!
  3413 | D:4      | Found a blossoming altar of Fedhas.
  3419 | D:4      | Found a white marble altar of Elyvilon.
  4382 | D:4      | Reached skill level 7 in Ice Magic
  4382 | D:4      | Reached XP level 6. HP: 41/41 MP: 11/11
  4451 | D:4      | Noticed Pikel
  4451 | D:4      | Noticed a slave
  4451 | D:4      | Noticed a slave
  4451 | D:4      | Noticed a slave
  4452 | D:4      | Noticed Blork the orc
  4453 | D:4      | Noticed a slave
  4457 | D:4      | Killed a slave
  4461 | D:4      | Killed a slave
  4461 | D:4      | Killed Blork the orc
  4464 | D:4      | Killed Pikel
  4464 | D:4      | Reached skill level 8 in Ice Magic
  4464 | D:4      | Reached XP level 7. HP: 29/46 MP: 8/14
  4893 | D:4      | Reached skill level 9 in Ice Magic
  4931 | D:4      | Reached XP level 8. HP: 52/52 MP: 15/15
  4937 | D:4      | Reached skill level 5 in Spellcasting
  5036 | D:4      | Found a hide-covered altar of Uskayaw.
  5338 | D:5      | Entered Level 5 of the Dungeon
  5374 | D:5      | Found a sacrificial altar of Ru.
  5723 | D:5      | Found a shadowy altar of Dithmenos.
  6007 | D:5      | Noticed Sigmund
  6028 | D:5      | Killed Sigmund
  6028 | D:5      | Reached skill level 10 in Ice Magic
  6108 | D:5      | Found a staircase to the Ecumenical Temple.
  6117 | Temple   | Entered the Ecumenical Temple
  6355 | Temple   | Became a worshipper of Warmaster Okawaru
  7066 | D:6      | Reached XP level 9. HP: 55/57 MP: 14/18
  7113 | D:6      | Reached skill level 11 in Ice Magic
  7117 | D:6      | Reached * piety under Okawaru
  7565 | D:6      | Learned a level 3 spell: Ozocubu's Armour
  7868 | D:6      | Found a sparkling altar of Nemelex Xobeh.
  9292 | D:7      | Reached skill level 12 in Ice Magic
  9487 | D:7      | Found a bloodstained altar of Trog.
  9915 | D:7      | Found a stormy altar of Qazlal.
  9921 | D:7      | Noticed Joseph
  9930 | D:7      | HP: 1/57 [Joseph/+3 quarterstaff of protection (9)]
  9931 | D:7      | Mangled by Joseph

Illustrated notes

Levels and vault maps discovered:
D:1:      dpeg_arrival_caged_fury, layout_loops_ring
D:2:      minmay_thinvault, layout_loops_ring, lightli_temple_of_fire
D:3:      minmay_razor_zed, layout_rooms
D:4:      minmay_chambers_of_threes, layout_rooms, lemuel_round_altar,
          fedhas_altar_3, first_ration, elyvilon_altar_4, uniq_pikel,
          uniq_blork_the_orc
D:5:      layout_basic, nicolae_ru_path_of_blood, temple_pool_b,
          grunt_dithmenos_shadows, uniq_sigmund
D:6:      layout_rooms, nemelex_xobeh_ov_fountains_minmay,
          minmay_fire_ice_demons
D:7:      layout_gridville, bloody_trog, nicolae_qazlal_style_of_elements,
          the_bakery, uniq_joseph
Temple:   regret_index_temple_generic_petals

Skill      XL: |  1  2  3  4  5  6  7  8  9 |
---------------+----------------------------+-----
Ice Magic      | 5 6 7 8 9 10 12 | 12.5
Spellcasting   | 3 4 6 7 |  7.4
Dodging        | |  2.6
Stealth        | |  2.1

Action                   |  1- 3 |  4- 6 |  7- 9 || total
-------------------------+-------+-------+-------++-------
Melee: Unarmed           |     5 |       |       ||     5
       Spear             |     7 |    84 |   161 ||   252
       Dagger            |     7 |       |       ||     7
       Punch             |       |       |     1 ||     1
 Cast: Freeze            |    55 |    61 |   129 ||   245
       Frozen Ramparts   |     1 |     6 |    19 ||    26
       Ozocubu's Armour  |       |       |     1 ||     1
Invok: Heroism           |       |       |     2 ||     2
  Use: Scroll            |       |     8 |     4 ||    12
 Stab: Sleeping          |     1 |     6 |     9 ||    16
  Eat: Chunk             |     4 |     9 |    11 ||    24
       Ration            |       |       |     2 ||     2
Armor: Robe              |    12 |    16 |    62 ||    90
Dodge: Dodged            |    26 |    66 |   153 ||   245

Table legend:
 A = Non-vault XP
 B = Vault XP
 C = Vault XP percentage of total XP
 D = Non-vault monster count
 E = Vault monster count
 F = Vault count percentage of total count
                 A         B        C        D         E       F
            +---------+---------+-------+---------+---------+-------
      Total |    3131 |    1300 |  29.3 |     152 |      35 |  18.7
            +---------+---------+-------+---------+---------+-------
        D:1 |      35 |       0 |   0.0 |      22 |       0 |   0.0
        D:2 |     101 |      50 |  33.1 |      32 |      16 |  33.3
        D:3 |      44 |      24 |  35.3 |      13 |      10 |  43.5
        D:4 |     342 |     715 |  67.6 |      28 |       5 |  15.2
        D:5 |     676 |     231 |  25.5 |      21 |       1 |   4.5
        D:6 |    1092 |      60 |   5.2 |      19 |       2 |   9.5
        D:7 |     841 |     220 |  20.7 |      17 |       1 |   5.6
            +---------+---------+-------+---------+---------+-------
